 Dungeon Crawl Stone Soup version 0.22-a0-512-g0943f25 (webtiles) character file.

55 Mamutox the Ruffian (level 3, -3/36 HPs)
             Began as a Troll Monk on June 18, 2018.
             Slain by Robin
             ... wielding a +2 whip of freezing
              (4 damage)
             ... on level 1 of the Dungeon.
             The game lasted 00:05:26 (1201 turns).

Mamutox the Ruffian (Troll Monk)                    Turns: 1201, Time: 00:05:27

Health: -3/36      AC:  5    Str: 19    XL:     3   Next: 67%
Magic:  2/2        EV: 10    Int:  6    God:
Gold:   47         SH:  0    Dex: 13    Spells: 2/2 levels left

rFire    . . .     SeeInvis .     - Unarmed
rCold    . . .     Gourm    +   (no shield)
rNeg     . . .     Faith    .   a - +0 robe
rPois    .         Spirit   .   (helmet restricted)
rElec    .         Reflect  .   (no cloak)
rCorr    .         Harm     .   (gloves unavailable)
MR       .....                  (boots unavailable)
Stlth    ++........             (no amulet)
HPRegen  0.52/turn              (no ring)
MPRegen  0.08/turn              (no ring)

@: no status effects
A: large, unfitting armour, claws 3, fast metabolism 3, gourmand, regeneration
1, shaggy fur 1, tough skin 2
a: no special abilities


You were on level 1 of the Dungeon.
You were not hungry.

You visited 1 branch of the dungeon, and saw 2 of its levels.

You collected 47 gold pieces.

Inventory:

Hand Weapons
 d - a +0 mace
Missiles
 e - 39 stones (quivered)
 f - 13 poisoned needles
 g - 15 sling bullets
 k - 2 needles of confusion
Armour
 a - a +0 robe (worn)
Scrolls
 c - 2 scrolls of teleportation {unknown}
 j - 2 scrolls of enchant armour {unknown}
 l - a scroll of fog {unknown}
 m - 3 scrolls of noise {unknown}
Potions
 h - 2 potions of brilliance {unknown}
 i - 2 potions of might {unknown}
 n - a potion of curing {unknown}
Comestibles
 b - 4 rations


   Skills:
 + Level 2.8 Fighting
 * Level 0.6 Maces & Flails
 * Level 1.1 Throwing
 + Level 2.6 Dodging
 + Level 1.1 Stealth
 + Level 3.5 Unarmed Combat


You had 2 spell levels left.
You didn't know any spells.
Your spell library was empty.

Dungeon Overview and Level Annotations

Branches:
Dungeon (2/15)

Altars:
Cheibriados
Nemelex Xobeh
Ru

Annotations:
D:2 Robin


Innate Abilities, Weirdness & Mutations

You are too large for most types of armour.
You have claws for hands.
Your metabolism is lightning-fast.
You like to eat raw meat.
Your natural rate of healing is unusually fast.
You are covered in fur. (AC +1)
You have very tough skin. (AC +2)


Message History

You climb upwards.
There is a stone staircase leading down here.
You closely miss the hobgoblin.
The hobgoblin no longer looks unusually strong.
The dart slug closely misses you. Something hits you.
* * * LOW HITPOINT WARNING * * *
Something freezes you.
* * * LOW HITPOINT WARNING * * *
The hobgoblin barely misses you.
You claw the dart slug!
You kill the dart slug!
Something hits you.
* * * LOW HITPOINT WARNING * * *
Something freezes you.
* * * LOW HITPOINT WARNING * * *
The hobgoblin misses you.
You barely miss the hobgoblin. Something hits you!
* * * LOW HITPOINT WARNING * * *
Something freezes you.
You die...

..#..#.##.#.# #....############
........#.#.# #)#.####†........
..#.......#.#####..>...#.########
.##.#...#.#.......####....##
....##.##)#.####.## #.#.#.#
..........#.# #.# #...#.#
...(...####.# #.# #.###.#
##.##..# #.####g#####....##
#..##..# #....{@†.....####
#.###..# ####.####.#### #.#
#..#######.####.## #.#
#..##............# #.#
#..##......#####.# #.#
#.....####.# #.# #.# ##.........#
#.# #.# ####.####.# #.# #.# #.#
#.#####.#


You could see a hobgoblin.

Vanquished Creatures
  A gnoll (D:1)
  An adder skeleton (D:2)
  2 dart slugs
  A leopard gecko (D:2)
  5 goblins (D:2)
  6 hobgoblins
  4 jackals (D:2)
  3 kobolds
  7 bats
  A frilled lizard (D:1)
  6 rats
37 creatures vanquished.

Notes
Turn   | Place    | Note
-------+----------+-------------------------------------------
     0 | D:1      | Mamutox the Troll Monk began the quest for the Orb.
     0 | D:1      | Reached XP level 1. HP: 22/22 MP: 0/0
   370 | D:1      | Reached XP level 2. HP: 17/29 MP: 1/1
   958 | D:2      | Reached XP level 3. HP: 36/36 MP: 2/2
  1038 | D:2      | Found a sacrificial altar of Ru.
  1039 | D:2      | Found a snail-covered altar of Cheibriados.
  1039 | D:2      | Found a sparkling altar of Nemelex Xobeh.
  1177 | D:2      | Noticed Robin
  1184 | D:2      | Reached skill level 1 in Throwing
  1201 | D:1      | HP: 1/36 [something (7)]
  1201 | D:1      | Slain by Robin

Vault maps used:
D:1:      kennysheep_arrival_seaside, hangedman_decor_clover_reticule
D:2:      grunt_temple_overflow_open, minmay_ruptured, uniq_robin

Skill      XL: |  1  2  3 |
---------------+----------+-----
Throwing       | 1 |  1.1
Fighting       | |  2.8
Maces & Flails | |  0.6
Dodging        | |  2.6
Stealth        | |  1.1
Unarmed Combat | |  3.5

Action                   || total
-------------------------++-------
Melee: Unarmed           ||    82
       Punch             ||     1
 Stab: Sleeping          ||     2
  Eat: Chunk             ||    12
Armor: Robe              ||    36
Dodge: Dodged            ||    75

Table legend:
 A = Spawn XP
 B = Non-spawn XP
 C = Spawn XP percentage of total XP
 D = Spawn monster count
 E = Non-spawn monster count
 F = Spawn count percentage of total count
 G = Total turns spent on level
                    A         B        C        D         E        F      G
               +---------+---------+-------+---------+---------+-------+---------
         Total |       0 |      79 |   0.0 |       0 |      37 |   0.0 |  1201
               +---------+---------+-------+---------+---------+-------+---------
           D:1 |       0 |      35 |   0.0 |       0 |      14 |   0.0 |   922
           D:2 |       0 |      44 |   0.0 |       0 |      23 |   0.0 |   279
               +---------+---------+-------+---------+---------+-------+---------
